AoeStats
← Different

Arabia

506665013Analyzed
1v1 RM · 17d ago on Sep 14, 2026· 34m 37s· 2 players
Game mode
Random Map
Map size
Tiny (2 player)
Population
200
Speed
Normal
Resources
Standard
Victory
Conquest
Starting age
Dark Age
Ending age
Imperial Age
RankedLock teamsTeams togetherTeam positionsShared explorationLock speedFull tech treeHidden civsTurbo modeCheats
Victory
Defeat
🇷🇺 Slavs · Russia
915
+15
🇨🇿 Khmer · Czechia
903
-15
david
7:03 Loom
9:27 Feudal Age
11:47 Double-Bit Axe
20:41 Castle Age
19:06 Forging
21:17 Scale Barding Armor
21:42 Bloodlines
21:35 Husbandry
24:59 Stone Mining
25:48 Iron Casting
25:02 Horse Collar
26:20 Bow Saw
31:13 Chain Barding Armor
Different
11:25 Feudal Age
12:04 Horse Collar
12:10 Double-Bit Axe
12:36 Loom
14:14 Man-at-Arms
21:26 Castle Age
20:32 Wheelbarrow
20:55 Forging
22:47 Town Watch
23:23 Bow Saw
23:16 Heavy Plow
23:32 Bloodlines
23:23 Husbandry
23:34 Long Swordsman
24:15 Squires
23:56 Pikeman
26:02 Scale Mail Armor
27:35 Chain Mail Armor
27:56 Iron Casting
28:34 Padded Archer Armor
29:31 Hand Cart
30:46 Leather Archer Armor
Connection lost

Rejoining the realm…

Still unreachable

The connection could not be restored.

Session expired

The server has moved on; the page needs a fresh start.